 Dungeon Sprint DCSS version 0.30.1-5-ged363bc7ee (webtiles) character file.

Game seed: 6885039650341843898

0 Heoruswealwe the Magician (level 3, 19/19 HPs)
             Began as a Deep Elf Conjurer on Sept 19, 2023.
             Was an Initiate of Gozag.
             Got out of the dungeon alive.
             The game lasted 00:01:38 (67 turns).

Heoruswealwe the Magician (Deep Elf Conjurer)         Turns: 67, Time: 00:01:38

Health: 19/19      AC:  2    Str:  4    XL:     3   Next: 73%
Magic:  5/13       EV: 12    Int: 24    God:    Gozag
Gold:   128        SH:  0    Dex: 13    Spells: 15/16 levels left

rFire   . . .        (no weapon)
rCold   . . .        (no shield)
rNeg    . . .        a - +0 robe
rPois   .            (no helmet)
rElec   .            (no cloak)
rCorr   .            (no gloves)
SInv    .            (no boots)
Will    .....        (no amulet)
Stlth   ++           (no ring)
HPRegen 0.23/turn    (no ring)
MPRegen 0.13/turn

%: no teleportation
@: no status effects
A: no striking features
a: Renounce Religion, Potion Petition, Call Merchant, Bribe Branch


You escaped.
You worshipped Gozag.
Gozag was aware of your devotion.
You visited 1 branch You collected 398 gold pieces.
You spent 270 gold pieces at shops.

Inventory:

Armour
 a - a +0 robe (worn)
Jewellery
 l - the amulet "Mibuna" {Reflect rElec SH+5}
   (You bought it in a shop in the Dungeon)

   [amulet of reflection]

   It reflects blocked missile attacks.
   rElec:     It insulates you from electricity.
   SH:        It affects your SH (+5).
 m - the amulet of Autotheism {Acrobat rElec rN+++ rCorr Str-2}
   (You bought it in a shop in the Dungeon)

   [amulet of the acrobat]

   It increases your evasion while moving and waiting.
   Str:       It affects your strength (-2).
   rElec:     It insulates you from electricity.
   rN:        It renders you almost immune to negative energy.
   rCorr:     It protects you from acid and corrosion.
 n - the amulet of Wonuf {Spirit Harm +Blink rElec rC+}
   (You bought it in a shop in the Dungeon)

   [amulet of guardian spirit]

   It causes incoming damage to be divided between your reserves of health and
   magic.
   rC:        It protects you from cold.
   rElec:     It insulates you from electricity.
   +Blink:    It lets you blink.
   Harm:      It increases damage dealt and taken.
 o - the amulet "Ebefafott" {Acrobat rPois}
   (You bought it in a shop in the Dungeon)

   [amulet of the acrobat]

   It increases your evasion while moving and waiting.
   rPois:     It protects you from poison.
 p - the amulet of Iggeliell {rPois rC+ Regen+ Dex-2}
   (You bought it in a shop in the Dungeon)

   [amulet of regeneration]

   Dex:       It affects your dexterity (-2).
   rC:        It protects you from cold.
   rPois:     It protects you from poison.
   Regen:     It increases your rate of health regeneration.
 q - the amulet "Pesol" {Will+ Regen+ Dex+5}
   (You bought it in a shop in the Dungeon)

   [amulet of regeneration]

   Dex:       It affects your dexterity (+5).
   Regen:     It increases your rate of health regeneration.
   Will:      It increases your willpower.
Wands
 i - a wand of acid (5)
 j - a wand of iceblast (4)
Scrolls
 g - 4 scrolls of blinking
 k - 3 scrolls of fog
Potions
 b - 3 potions of magic
 c - a potion of curing
 d - 4 potions of heal wounds
 e - 4 potions of haste
 f - a potion of berserk rage
 h - a potion of resistance


   Skills:
 - Level 2.4 Dodging
 - Level 2.4 Stealth
 + Level 7.4 Spellcasting
 + Level 7.2 Conjurations


You had 15 spell levels left.
You knew the following spells:

 Your Spells              Type           Power      Damage    Failure   Level
a - Magic Dart            Conj           100%       1d8       1%          1

Your spell library contained the following spells:

 Spells                   Type           Power      Damage    Failure   Level
 Searing Ray              Conj           86%        2d7       1%          2
 Dazzling Flash           Conj/Hex       52%        N/A       4%          3
 Fulminant Prism          Conj/Hex       13%        3d8       16%         4
 Iskenderun's Mystic Bla  Conj/Tloc      26%        2d7       16%         4


Dungeon Overview and Level Annotations

Branches:
Dungeon (1/1)

Altars:
Cheibriados
Dithmenos
Fedhas
Gozag
Kikubaaqudgha
Makhleb
Okawaru
Qazlal
Ru
Sif Muna
Trog
Uskayaw
Vehumet
Wu Jian
Xom
Yredelemnul
Zin
The Shining One
Lugonu

Shops:
D *[??*?*:[((!!!!


Message History

The magic dart hits the giant cockroach but does no damage.
The giant cockroach bites you.
The magic dart hits the giant cockroach.
The giant cockroach is almost dead.
The giant cockroach barely misses you.
The magic dart hits the giant cockroach.
You kill the giant cockroach!
You now have 263 gold pieces (gained 63).
A scorpion comes into view.
Okay, then.
Found Pysetos's Advanced Armour and Fainam's Jewellery.
A worm comes into view.
The scorpion is distracted by your dazzling golden aura.
Aiming: Iceblast
Press: ? - help, Shift-Dir - straight line, f - worm
Aim: a worm (wandering, hasn't noticed you)
The mass of ice explodes!
The iceblast engulfs the worm!!
You kill the worm!
The iceblast engulfs the scorpion!!
You kill the scorpion!
Your Spellcasting skill gained 4 levels and is now at level 7!
Your Conjurations skill gained 3 levels and is now at level 7!
You have reached level 2!
You have reached level 3!
Your experience leads to an increase in your attributes!
Increase (S)trength, (I)ntelligence, or (D)exterity?
You feel clever. x2
You now have 326 gold pieces (gained 63).
You now have 398 gold pieces (gained 72).
There is an entrance to Fainam's Jewellery here.
l - the amulet "Mibuna" {Reflect rElec SH+5}
m - the amulet of Autotheism {Acrobat rElec rN+++ rCorr Str-2}
n - the amulet of Wonuf {Spirit Harm +Blink rElec rC+}
o - the amulet "Ebefafott" {Acrobat rPois}
p - the amulet of Iggeliell {rPois rC+ Regen+ Dex-2}
q - the amulet "Pesol" {Will+ Regen+ Dex+5} Thank you for shopping at Fainam's Jewellery!
There is a staircase leading out of the dungeon here.
Are you sure you want to leave the Dungeon?
This will make you lose the game!
You have escaped!

#_......._# ###.........###
#⌠...........⌠#
######.8.........8.######
##._._......###......___∩#
###∩........8.# #.8........∩
##.............###...........
#⌠..........###...###........
#⌠..........# #.@.# #........
#⌠..........###...###........
##.............###...........
###∩........8.# #.8........∩
##∩___......###......__.∩#
######.8.........8.######
#⌠...........⌠#
###.........### #_......._#


There were no monsters in sight!

Vanquished Creatures
  A scorpion (D)
  A worm (D)
  A giant cockroach (D)
3 creatures vanquished.

Notes
Turn   | Place    | Note
-------+----------+-------------------------------------------
     0 | D        | Heoruswealwe the Deep Elf Conjurer began the quest for the
                  | Orb.
     0 | D        | Reached XP level 1. HP: 10/10 MP: 6/6
     0 | D        | Found a shimmering blue altar of Sif Muna.
     0 | D        | Found an opulent altar of Gozag.
     3 | D        | Found a corrupted altar of Lugonu.
     3 | D        | Found an ornate altar of the Wu Jian Council.
     4 | D        | Found a shimmering altar of Xom.
     5 | D        | Found an ancient bone altar of Kikubaaqudgha.
     5 | D        | Found a blossoming altar of Fedhas.
     5 | D        | Round 1.
     6 | D        | Found Suysmoyv's Identification Station.
     7 | D        | Found a burning altar of Makhleb.
     8 | D        | Found a sacrificial altar of Ru.
     8 | D        | Found a hide-covered altar of Uskayaw.
     8 | D        | Found a glowing golden altar of the Shining One.
     8 | D        | Found Gaz Wien's Magic Scroll Shop.
     8 | D        | Found Ifruz's Staff Store.
     9 | D        | Found Ziutiska's Magic Scroll Shop.
     9 | D        | Found Ymuixam's Must-Have Magic.
    12 | D        | Found a snail-covered altar of Cheibriados.
    13 | D        | Found a basalt altar of Yredelemnul.
    14 | D        | Found a glowing silver altar of Zin.
    15 | D        | Found Zatt's Distillery.
    15 | D        | Found a radiant altar of Vehumet.
    15 | D        | Found a stormy altar of Qazlal.
    15 | D        | Found Courchigi's Do-It-Yourself Clinic.
    16 | D        | Found Tabo's Distillery.
    16 | D        | Found Dioliac's Bottled Wisdom.
    19 | D        | Found a bloodstained altar of Trog.
    20 | D        | Found an iron altar of Okawaru.
    21 | D        | Found a shadowy altar of Dithmenos.
    22 | D        | Found Hiomyeny's Weapon Rack.
    22 | D        | Found Viecus's Premium Goods.
    23 | D        | Found Bagrel's Basic Armour.
    23 | D        | Found Cydurr's Miscellaneous Merchandise.
    30 | D        | Became a worshipper of Gozag Ym Sagoz the Greedy
    40 | D        | Noticed a scorpion
    42 | D        | Found Pysetos's Advanced Armour.
    42 | D        | Found Fainam's Jewellery.
    44 | D        | Killed a scorpion
    45 | D        | Reached XP level 2. HP: 15/15 MP: 2/12
    45 | D        | Reached XP level 3. HP: 19/19 MP: 2/13
    54 | D        | Bought an ancient platinum amulet for 45 gold pieces
    54 | D        | Identified the amulet "Mibuna" {Reflect rElec SH+5} (You
                  | bought it in a shop in the Dungeon)
    54 | D        | Bought a pitted brass amulet for 45 gold pieces
    54 | D        | Identified the amulet of Autotheism {Acrobat rElec rN+++
                  | rCorr Str-2} (You bought it in a shop in the Dungeon)
    54 | D        | Bought a shimmering ruby amulet for 45 gold pieces
    54 | D        | Identified the amulet of Wonuf {Spirit Harm +Blink rElec
                  | rC+} (You bought it in a shop in the Dungeon)
    54 | D        | Bought a twitching steel amulet for 45 gold pieces
    54 | D        | Identified the amulet "Ebefafott" {Acrobat rPois} (You
                  | bought it in a shop in the Dungeon)
    54 | D        | Bought a scorched ivory amulet for 45 gold pieces
    54 | D        | Identified the amulet of Iggeliell {rPois rC+ Regen+ Dex-2}
                  | (You bought it in a shop in the Dungeon)
    54 | D        | Bought an ancient ruby amulet for 45 gold pieces
    54 | D        | Identified the amulet "Pesol" {Will+ Regen+ Dex+5} (You
                  | bought it in a shop in the Dungeon)
    67 | D        | Got out of the dungeon alive.

Illustrated notes

Levels and vault maps discovered:
D:        arena_sprint

Skill      XL: |  1 |
---------------+----+-----
Spellcasting   | 7 |  7.4
Conjurations   | 7 |  7.2
Dodging        | |  2.4
Stealth        | |  2.4

Action                     || total
---------------------------++-------
   Cast: Magic Dart        ||     5
  Evoke: Wand              ||     1
 Armour: Robe              ||     1
  Dodge: Dodged            ||     6
